Admirals vs Wolves

Created - May 5, 2022 at 19:28

Goals
1 2 3 T
Admirals 0 2 2 4
Wolves 1 0 1 2
Shots
1 2 3 T
Admirals 12 13 9 34
Wolves 12 11 8 31

1st period

1. Wolves , Sebastian Aho 36 (Samuel Girard 7) at 3:03

Penalties :
Kasper Bjorkqvist (Mil) for Tripping (Minor) at 7:16, Lawson Crouse (Chi) for Holding (Minor) at 17:40

2nd period

2. Admirals , T.J Brodie 3 (Josh Morrissey 26) at 5:44
3. Admirals , Kasper Bjorkqvist 11 (Nicolas Deslauriers 14, Lucas Wallmark 15) at 9:13

Penalties :
Nicolas Deslauriers (Mil) for High sticking (Minor) at 9:57, Eric Robinson (Chi) for Roughing (Minor) at 13:14

3rd period

4. Admirals , Filip Chlapik 1 (Josh Morrissey 27, T.J Brodie 21) at 6:39
5. Admirals , Nicolas Kerdiles 51 (Joel Armia 28, Hunter Shinkaruk 12) at 11:32
6. Wolves , Victor Olofsson 26 (Sebastian Aho 42, Eric Robinson 10) at 19:58

Penalties :
Blake Geoffrion (Mil) for Interference (Minor) at 3:39, Nicolas Kerdiles (Mil) for Tripping (Minor) at 7:14, Markus Granlund (Mil) for Holding (Minor) at 13:23

Goalie Stats

Tristan Jarry (Mil), 29 saves from 31 shots - (0.935), W, 16-17-4, 60:00 minutes
Ebbe Siönäs (Chi), 30 saves from 34 shots - (0.882), L, 9-7-2, 60:00 minutes

Players Stats for Admirals

Player Name              G  A  P  +/- PIM S  H  SB GA TA FO     MP     PP MP  PK MP  
------------------------------------------------------------------------------------
Andreas Englund          0  0  0  -1  0   0  0  1  0  1  0/0    19:17   0:52   3:39 
Blake Geoffrion          0  0  0   0  2   3  0  0  0  0  0/1    15:06   1:36   3:16 
Brett Connolly           0  0  0   0  0   1  3  0  0  0  0/0     7:00   0:00   0:00 
Carl Dahlstrom           0  0  0   0  0   0  0  0  0  0  0/0     8:20   0:00   0:00 
Christian Djoos          0  0  0  -1  0   0  0  0  0  0  0/0     4:52   0:00   0:00 
Filip Chlapik            1  0  1   0  0   2  0  0  0  1  2/5     8:42   0:00   2:07 
Freddie Hamilton         0  0  0   0  0   2  0  0  1  0  4/6     9:50   0:00   0:09 
Hunter Shinkaruk         0  1  1   0  0   2  0  0  0  0  0/0     8:00   0:00   1:25 
Joel Armia               0  1  1   1  0   2  2  1  0  0  1/2    17:24   2:22   0:00 
Josh Morrissey           0  2  2   4  0   2  3  0  0  2  0/0    27:31   3:06   6:16 
Kasper Bjorkqvist        1  0  1   1  2   2  6  0  1  1  0/0    15:34   1:36   0:00 
Lucas Wallmark           0  1  1   1  0   0  2  0  0  1  5/14   18:43   1:36   2:29 
Markus Granlund          0  0  0   1  2   2  1  0  0  0  18/37  21:45   2:22   4:27 
Mattias Backman          0  0  0   0  0   0  1  0  0  0  0/0    14:56   0:00   6:16 
Nicolas Deslauriers      0  1  1   1  2   3  1  2  0  0  0/0    16:41   0:00   1:57 
Nicolas Kerdiles         1  0  1   1  2   7  4  2  1  1  1/2    21:43   2:22   4:00 
Olli Juolevi             0  0  0  -1  0   0  0  0  0  0  0/0     4:52   0:00   0:00 
Riley Barber             0  0  0   0  0   0  1  2  0  0  0/0     9:32   0:00   0:00 
T.J Brodie               1  1  2   4  0   3  2  0  1  1  0/0    20:55   3:06   0:00 
Travis Dermott           0  0  0  -1  0   3  0  0  0  1  0/0    19:17   0:52   3:39 

Players Stats for Wolves

Player Name              G  A  P  +/- PIM S  H  SB GA TA FO     MP     PP MP  PK MP  
------------------------------------------------------------------------------------
Alexandre Grenier        0  0  0   0  0   0  5  0  1  0  8/8    23:06   5:28   2:41 
Anton Lindholm           0  0  0  -1  0   1  2  1  0  0  0/0    17:30   4:04   1:05 
Antti Suomela            0  0  0  -1  0   0  0  0  1  0  0/3     7:47   0:00   0:00 
Dylan Coghlan            0  0  0  -1  0   0  0  1  0  0  0/0     4:52   0:00   0:00 
Eric Robinson            0  1  1   0  2   2  0  0  0  0  0/0    16:39   4:27   0:00 
Fredrik Olofsson         0  0  0  -1  0   0  0  1  0  0  1/2    11:41   0:00   0:23 
Jake Evans               0  0  0  -1  0   1  0  0  1  0  4/8    11:18   0:00   0:00 
Jalen Chatfield          0  0  0   0  0   2  0  1  0  1  0/0    10:50   0:00   0:00 
Jeff Petry               0  0  0  -1  0   2  2  1  0  1  0/0    17:30   4:04   1:05 
Jeffrey Foss             0  0  0   0  0   1  1  0  0  0  0/0    26:48   5:51   2:53 
Joe Morrow               0  0  0   0  0   1  1  0  2  1  0/0    26:48   5:51   2:53 
Kale Clague              0  0  0  -1  0   0  0  0  0  0  0/0     4:52   0:00   0:00 
Kevin Stenlund           0  0  0   0  0   0  0  0  0  0  0/0     0:56   0:00   0:56 
Kieffer Bellows          0  0  0  -1  0   0  1  0  0  1  0/0     7:47   0:00   0:00 
Kyle Rau                 0  0  0   0  0   2  0  0  1  0  12/27  23:06   5:28   2:41 
Lawson Crouse            0  0  0   0  2   3  1  0  0  0  1/2    20:24   5:15   0:21 
Liam O'Brien             0  0  0   0  0   0  0  0  0  0  0/0     0:00   0:00   0:00 
Matthew Highmore         0  0  0   0  0   0  0  0  0  0  0/0     0:13   0:13   0:00 
Samuel Girard            0  1  1   0  0   0  0  0  0  0  0/0    10:50   0:00   0:00 
Sebastian Aho            1  1  2   0  0   10 0  0  1  0  10/17  17:26   4:27   0:54 
Thomas Spelling          0  0  0  -1  0   1  0  1  1  0  0/0    11:18   0:00   0:00 
Victor Olofsson          1  0  1   0  0   5  0  0  0  0  0/0    16:32   4:27   0:00 
Wade Allison             0  0  0  -1  0   0  0  0  1  0  0/0     7:47   0:00   0:00 
Zachary Senyshyn         0  0  0   0  0   0  0  0  0  0  0/0     0:00   0:00   0:00 

3 Stars

1 - T.J Brodie (Mil)
2 - Josh Morrissey (Mil)
3 - Kasper Bjorkqvist (Mil)

Power Play

Admirals - 0 on 2 Attempt(s) - 0.00%
Wolves - 0 on 5 Attempt(s) - 0.00%

Penalty Kill

Admirals - 5 on 5 Attempt(s) - 100.00% - Score 0 goal in Penalty Kill
Wolves - 2 on 2 Attempt(s) - 100.00% - Score 0 goal in Penalty Kill

Team Stat

Admirals - Hits : 26 - Faceoff Wins : 31 - Blocked Shots : 8 - Penalty Minutes : 10
Wolves - Hits : 13 - Faceoff Wins : 36 - Blocked Shots : 6 - Penalty Minutes : 4

Official

Referees : Dean Morton and Ian Walsh
Linesman : James Tobias and Kyle Flemington

Game Notes

No Game Note

Finance

Level 1 -- Attendance: 2000 (100.00%) -- Ticket Income $70,000
Level 2 -- Attendance: 959 (95.90%) -- Ticket Income $14,385
Total Attendance: 2959 (98.63%)
Total Ticket Income: $84,385
Other Income: $4,219
Total Income: $88,604

Admirals

5 vs 5 Forward 
   Center                   Left Wing                Right Wing               Time % Phy DF OF 
 1 Markus Granlund          Nicolas Kerdiles         Joel Armia               40     1   2  2  
 2 Lucas Wallmark           Nicolas Deslauriers      Kasper Bjorkqvist        30     1   2  2  
 3 Freddie Hamilton         Blake Geoffrion          Riley Barber             20     1   2  2  
 4 Filip Chlapik            Hunter Shinkaruk         Brett Connolly           10     1   2  2  

5 vs 5 Defense 
   Defense                  Defense                                           Time % Phy DF OF 
 1 Josh Morrissey           T.J Brodie                                        40     1   2  2  
 2 Andreas Englund          Travis Dermott                                    30     1   2  2  
 3 Carl Dahlstrom           Mattias Backman                                   20     1   2  2  
 4 Christian Djoos          Olli Juolevi                                      10     1   2  2  

PowerPlay Forward 
   Center                   Left Wing                Right Wing               Time % Phy DF OF 
 1 Markus Granlund          Nicolas Kerdiles         Joel Armia               60     1   2  2  
 2 Lucas Wallmark           Blake Geoffrion          Kasper Bjorkqvist        40     1   2  2  

PowerPlay Defense
   Defense                  Defense                                           Time % Phy DF OF 
 1 Josh Morrissey           T.J Brodie                                        60     1   2  2  
 2 Andreas Englund          Travis Dermott                                    40     1   2  2  

Penalty Kill 4 Players Forward 
   Center                   Wing                     Time % Phy DF OF 
 1 Markus Granlund          Nicolas Kerdiles         60     1   2  2  
 2 Lucas Wallmark           Nicolas Deslauriers      40     1   2  2  

Penalty Kill 4 Players Defense
   Defense                  Defense                  Time % Phy DF OF 
 1 Josh Morrissey           Mattias Backman          60     1   2  2  
 2 Andreas Englund          Travis Dermott           40     1   2  2  

Penalty Kill - 3 Players Forward 
   Forward                                           Time % Phy DF OF 
 1 Nicolas Deslauriers                               60     1   2  2  
 2 Nicolas Kerdiles                                  40     1   2  2  

Penalty Kill - 3 Players Defense
   Defense                  Defense                  Time % Phy DF OF 
 1 Josh Morrissey           Mattias Backman          60     1   2  2  
 2 Andreas Englund          Travis Dermott           40     1   2  2  

4 vs 4 Forward 
   Center                   Wing                     Time % Phy DF OF 
 1 Lucas Wallmark           Nicolas Kerdiles         60     1   2  2  
 2 Markus Granlund          Blake Geoffrion          40     1   2  2  

4 vs 4 Defense
   Defense                  Defense                  Time % Phy DF OF 
 1 Josh Morrissey           T.J Brodie               60     1   2  2  
 2 Andreas Englund          Travis Dermott           40     1   2  2  

Last Minutes Offensive
   Center                   Left Wing                Right Wing               Defense                  Defense                  
   Markus Granlund          Nicolas Kerdiles         Joel Armia               Josh Morrissey           T.J Brodie               

Last Minutes Defensive
   Center                   Left Wing                Right Wing               Defense                  Defense                  
   Markus Granlund          Nicolas Kerdiles         Joel Armia               Josh Morrissey           T.J Brodie               

Goaltenders
Starting : Tristan Jarry            
Backup : Felix Sanstrom           

Extra Forwards
Normal : Blake Geoffrion, Nicolas Deslauriers, Brett Connolly - PP : Blake Geoffrion, Nicolas Deslauriers - PK : Blake Geoffrion
Extra Defensemen
Normal : T.J Brodie, Carl Dahlstrom, Olli Juolevi - PP : T.J Brodie - PK : T.J Brodie, Carl Dahlstrom
Penalty Shots
Blake Geoffrion, Nicolas Kerdiles, Markus Granlund, Joel Armia, Kasper Bjorkqvist

Scratches
Adam Almquist (Healthy), Alexandre Mallet (Healthy), Anton Gustafsson (Broken Left Index Finger Injury), Chris Lawrence (Healthy), Josh Wesley (Healthy)
Mark MacMillan (Healthy), Mark McNeill (Broken Left Thumb Injury), Ryan Olsen (Healthy), Sergei Zborovskiy (Healthy), Stanislav Galiev (Healthy)
Trevor Van Riemsdyk (Strained Right Knee Injury), Troy Bourke (Healthy), Carsen Twarynski (Healthy), Libor Hajek (Healthy), Linus Ullmark (Healthy)

Wolves

5 vs 5 Forward 
   Center                   Left Wing                Right Wing               Time % Phy DF OF 
 1 Kyle Rau                 Lawson Crouse            Alexandre Grenier        40     1   2  2  
 2 Sebastian Aho            Eric Robinson            Victor Olofsson          30     1   2  2  
 3 Jake Evans               Fredrik Olofsson         Thomas Spelling          20     1   2  2  
 4 Antti Suomela            Kieffer Bellows          Wade Allison             10     1   2  2  

5 vs 5 Defense 
   Defense                  Defense                                           Time % Phy DF OF 
 1 Jeffrey Foss             Joe Morrow                                        40     1   2  2  
 2 Anton Lindholm           Jeff Petry                                        30     1   2  2  
 3 Jalen Chatfield          Samuel Girard                                     20     1   2  2  
 4 Kale Clague              Dylan Coghlan                                     10     1   2  2  

PowerPlay Forward 
   Center                   Left Wing                Right Wing               Time % Phy DF OF 
 1 Kyle Rau                 Lawson Crouse            Alexandre Grenier        60     1   2  2  
 2 Sebastian Aho            Eric Robinson            Victor Olofsson          40     1   2  2  

PowerPlay Defense
   Defense                  Defense                                           Time % Phy DF OF 
 1 Jeffrey Foss             Joe Morrow                                        60     1   2  2  
 2 Anton Lindholm           Jeff Petry                                        40     1   2  2  

Penalty Kill 4 Players Forward 
   Center                   Wing                     Time % Phy DF OF 
 1 Alexandre Grenier        Kyle Rau                 60     1   2  2  
 2 Sebastian Aho            Lawson Crouse            40     1   2  2  

Penalty Kill 4 Players Defense
   Defense                  Defense                  Time % Phy DF OF 
 1 Jeffrey Foss             Joe Morrow               60     1   2  2  
 2 Anton Lindholm           Jeff Petry               40     1   2  2  

Penalty Kill - 3 Players Forward 
   Forward                                           Time % Phy DF OF 
 1 Alexandre Grenier                                 60     1   2  2  
 2 Kyle Rau                                          40     1   2  2  

Penalty Kill - 3 Players Defense
   Defense                  Defense                  Time % Phy DF OF 
 1 Jeffrey Foss             Joe Morrow               60     1   2  2  
 2 Anton Lindholm           Jeff Petry               40     1   2  2  

4 vs 4 Forward 
   Center                   Wing                     Time % Phy DF OF 
 1 Alexandre Grenier        Kyle Rau                 60     1   2  2  
 2 Sebastian Aho            Lawson Crouse            40     1   2  2  

4 vs 4 Defense
   Defense                  Defense                  Time % Phy DF OF 
 1 Jeffrey Foss             Joe Morrow               60     1   2  2  
 2 Anton Lindholm           Jeff Petry               40     1   2  2  

Last Minutes Offensive
   Center                   Left Wing                Right Wing               Defense                  Defense                  
   Kyle Rau                 Lawson Crouse            Alexandre Grenier        Jeffrey Foss             Joe Morrow               

Last Minutes Defensive
   Center                   Left Wing                Right Wing               Defense                  Defense                  
   Kyle Rau                 Lawson Crouse            Alexandre Grenier        Jeffrey Foss             Joe Morrow               

Goaltenders
Starting : Ebbe Siönäs              
Backup : Laurent Brossoit         

Extra Forwards
Normal : Matthew Highmore, Liam O'Brien, Kevin Stenlund - PP : Matthew Highmore, Liam O'Brien - PK : Kevin Stenlund
Extra Defensemen
Normal : Jalen Chatfield, Samuel Girard, Kale Clague - PP : Jalen Chatfield - PK : Samuel Girard, Kale Clague
Penalty Shots
Alexandre Grenier, Kyle Rau, Sebastian Aho, Lawson Crouse, Victor Olofsson

Scratches
Jakub Zboril (Healthy), Joona Koppanen (Healthy), Sergei Kostenko (Healthy)

% Time on Ice - Admirals

Lines # - Real PCT - Wanted PCT - Time Play
Normal Forward
1 - 33% - 40% - 15:22
2 - 32% - 30% - 14:38
3 - 21% - 20% - 9:32
4 - 14% - 10% - 6:35
Normal Defense
1 - 39% - 40% - 18:09
2 - 32% - 30% - 14:46
3 - 18% - 20% - 8:20
4 - 11% - 10% - 4:52
PP Forward
1 - 60% - 60% - 2:22
2 - 40% - 40% - 1:36
PP Defense
1 - 78% - 60% - 3:06
2 - 22% - 40% - 0:52
PK Forward
1 - 75% - 60% - 7:26
2 - 25% - 40% - 2:29
PK Defense
1 - 63% - 60% - 6:16
2 - 37% - 40% - 3:39
PK3 Forward
1 - 0% - 60%
2 - 0% - 40%
PK3 Defense
1 - 0% - 60%
2 - 0% - 40%
44 Forward
1 - 0% - 60%
2 - 0% - 40%
44 Defense
1 - 0% - 60%
2 - 0% - 40%
Last Minute Offensive  - 0:00
Last Minute Defensive  - 0:00
Total
Forward - 60:00
Defense - 60:00

% Time on Ice - Wolves

Lines # - Real PCT - Wanted PCT - Time Play
Normal Forward
1 - 32% - 40% - 14:57
2 - 26% - 30% - 12:05
3 - 25% - 20% - 11:18
4 - 17% - 10% - 7:47
Normal Defense
1 - 39% - 40% - 18:04
2 - 27% - 30% - 12:21
3 - 23% - 20% - 10:50
4 - 11% - 10% - 4:52
PP Forward
1 - 55% - 60% - 5:28
2 - 45% - 40% - 4:27
PP Defense
1 - 59% - 60% - 5:51
2 - 41% - 40% - 4:04
PK Forward
1 - 77% - 60% - 3:04
2 - 23% - 40% - 0:54
PK Defense
1 - 73% - 60% - 2:53
2 - 27% - 40% - 1:05
PK3 Forward
1 - 0% - 60%
2 - 0% - 40%
PK3 Defense
1 - 0% - 60%
2 - 0% - 40%
44 Forward
1 - 0% - 60%
2 - 0% - 40%
44 Defense
1 - 0% - 60%
2 - 0% - 40%
Last Minute Offensive  - 0:00
Last Minute Defensive  - 0:00
Total
Forward - 60:00
Defense - 60:00

Play-by-Play

1st period


0:01 of 1st period - Markus Granlund wins face-off versus Kyle Rau in neutral zone.
0:04 of 1st period - Kyle Rau is hit by Markus Granlund and loses puck.
0:46 of 1st period - Off-side.
0:47 of 1st period - Jake Evans wins face-off versus Freddie Hamilton in neutral zone.
0:52 of 1st period - Slapshot by Thomas Spelling.
0:52 of 1st period - Stopped by Tristan Jarry with a rebound.
0:54 of 1st period - Slapshot by Jeff Petry.
0:54 of 1st period - Shot Blocked by Riley Barber.
0:56 of 1st period - Slapshot by Jeff Petry.
0:56 of 1st period - Shot Misses the Net.
0:58 of 1st period - Snap shot by Thomas Spelling.
0:58 of 1st period - Shot Misses the Net.
1:56 of 1st period - Samuel Girard is hit by Kasper Bjorkqvist and loses puck.
3:03 of 1st period - Slapshot by Sebastian Aho.
3:03 of 1st period - Goal by Sebastian Aho - Admirals : 0 - Wolves : 1.
3:04 of 1st period - Sebastian Aho wins face-off versus Lucas Wallmark in neutral zone.
3:36 of 1st period - Backhand shot by Lawson Crouse.
3:36 of 1st period - Shot Misses the Net.
3:38 of 1st period - Snap shot by Joe Morrow.
3:38 of 1st period - Stopped by Tristan Jarry without a rebound.
3:39 of 1st period - Kyle Rau wins face-off versus Lucas Wallmark in Admirals zone.
3:48 of 1st period - Slapshot by Kyle Rau.
3:48 of 1st period - Shot Misses the Net.
3:50 of 1st period - Snap shot by Kyle Rau.
3:50 of 1st period - Stopped by Tristan Jarry without a rebound.
3:51 of 1st period - Markus Granlund wins face-off versus Sebastian Aho in Admirals zone.
4:02 of 1st period - Snap shot by Nicolas Kerdiles.
4:02 of 1st period - Shot Misses the Net.
5:04 of 1st period - Slapshot by Jake Evans.
5:04 of 1st period - Stopped by Tristan Jarry with a rebound.
5:22 of 1st period - Snap shot by Victor Olofsson.
5:22 of 1st period - Shot Misses the Net.
5:28 of 1st period - Victor Olofsson is hit by Nicolas Kerdiles and loses puck.
5:41 of 1st period - Josh Morrissey is hit by Lawson Crouse and loses puck.
6:03 of 1st period - Wrist shot by Kieffer Bellows.
6:03 of 1st period - Shot Blocked by Riley Barber.
6:38 of 1st period - Icing by Thomas Spelling.
6:39 of 1st period - Jake Evans wins face-off versus Markus Granlund in Wolves zone.
7:11 of 1st period - Wrist shot by Kyle Rau.
7:11 of 1st period - Shot Misses the Net.
7:16 of 1st period - Minor Penalty to Kasper Bjorkqvist for Tripping.
7:17 of 1st period - Markus Granlund wins face-off versus Kyle Rau in Admirals zone.
7:49 of 1st period - Snap shot by Victor Olofsson.
7:49 of 1st period - Stopped by Tristan Jarry with a rebound.
9:11 of 1st period - Anton Lindholm is hit by Josh Morrissey and loses puck.
9:16 of 1st period - Penalty to Kasper Bjorkqvist is over, Kasper Bjorkqvist is back on ice.
9:31 of 1st period - Christian Djoos is hit by Kieffer Bellows and loses puck.
9:47 of 1st period - Slapshot by Hunter Shinkaruk.
9:47 of 1st period - Stopped by Ebbe Siönäs with a rebound.
10:29 of 1st period - Slapshot by Blake Geoffrion.
10:29 of 1st period - Stopped by Ebbe Siönäs with a rebound.
10:35 of 1st period - Andreas Englund is hit by Alexandre Grenier and loses puck.
10:46 of 1st period - Victor Olofsson is hit by Kasper Bjorkqvist and loses puck.
11:19 of 1st period - Wrist shot by Hunter Shinkaruk.
11:19 of 1st period - Shot Blocked by Jalen Chatfield.
11:25 of 1st period - Jake Evans is hit by Joel Armia and loses puck.
11:46 of 1st period - Slapshot by Nicolas Deslauriers.
11:46 of 1st period - Stopped by Ebbe Siönäs with a rebound.
11:58 of 1st period - Wrist shot by Freddie Hamilton.
11:58 of 1st period - Stopped by Ebbe Siönäs with a rebound.
12:10 of 1st period - Jalen Chatfield is hit by Mattias Backman and loses puck.
12:34 of 1st period - Snap shot by Lawson Crouse.
12:34 of 1st period - Stopped by Tristan Jarry without a rebound.
12:35 of 1st period - Markus Granlund wins face-off versus Sebastian Aho in Admirals zone.
13:09 of 1st period - Snap shot by Kyle Rau.
13:09 of 1st period - Shot Misses the Net.
13:51 of 1st period - Slapshot by Hunter Shinkaruk.
13:51 of 1st period - Stopped by Ebbe Siönäs without a rebound.
13:52 of 1st period - Kyle Rau wins face-off versus Markus Granlund in Wolves zone.
14:28 of 1st period - Snap shot by Sebastian Aho.
14:28 of 1st period - Shot Misses the Net.
14:30 of 1st period - Slapshot by Jeff Petry.
14:30 of 1st period - Stopped by Tristan Jarry without a rebound.
14:31 of 1st period - Sebastian Aho wins face-off versus Markus Granlund in Admirals zone.
14:46 of 1st period - Wrist shot by Sebastian Aho.
14:46 of 1st period - Stopped by Tristan Jarry with a rebound.
14:58 of 1st period - Icing by Travis Dermott.
14:59 of 1st period - Kyle Rau wins face-off versus Lucas Wallmark in Admirals zone.
15:00 of 1st period - Slapshot by Lawson Crouse.
15:00 of 1st period - Stopped by Tristan Jarry without a rebound.
15:01 of 1st period - Lucas Wallmark wins face-off versus Kyle Rau in Admirals zone.
15:01 of 1st period - Lucas Wallmark is hit by Alexandre Grenier.
15:34 of 1st period - Snap shot by Victor Olofsson.
15:34 of 1st period - Shot Misses the Net.
15:36 of 1st period - Snap shot by Eric Robinson.
15:36 of 1st period - Stopped by Tristan Jarry with a rebound.
15:54 of 1st period - Slapshot by Blake Geoffrion.
15:54 of 1st period - Stopped by Ebbe Siönäs without a rebound.
15:55 of 1st period - Lucas Wallmark wins face-off versus Lawson Crouse in Wolves zone.
16:21 of 1st period - Victor Olofsson is hit by Josh Morrissey and loses puck.
16:26 of 1st period - Wrist shot by Nicolas Kerdiles.
16:26 of 1st period - Shot Blocked by Dylan Coghlan.
16:28 of 1st period - Wrist shot by Markus Granlund.
16:28 of 1st period - Shot Misses the Net.
16:30 of 1st period - Snap shot by Nicolas Kerdiles.
16:30 of 1st period - Stopped by Ebbe Siönäs with a rebound.
16:32 of 1st period - Wrist shot by Joel Armia.
16:32 of 1st period - Stopped by Ebbe Siönäs without a rebound.
16:33 of 1st period - Freddie Hamilton wins face-off versus Kyle Rau in Wolves zone.
17:15 of 1st period - Snap shot by Blake Geoffrion.
17:15 of 1st period - Shot Misses the Net.
17:17 of 1st period - Wrist shot by Freddie Hamilton.
17:17 of 1st period - Stopped by Ebbe Siönäs without a rebound.
17:18 of 1st period - Kyle Rau wins face-off versus Markus Granlund in Wolves zone.
17:18 of 1st period - Kyle Rau is hit by Joel Armia.
17:30 of 1st period - Wrist shot by Nicolas Kerdiles.
17:30 of 1st period - Stopped by Ebbe Siönäs without a rebound.
17:31 of 1st period - Markus Granlund wins face-off versus Kyle Rau in Wolves zone.
17:38 of 1st period - Snap shot by Markus Granlund.
17:38 of 1st period - Shot Misses the Net.
17:40 of 1st period - Minor Penalty to Lawson Crouse for Holding.
17:41 of 1st period - Alexandre Grenier wins face-off versus Markus Granlund in Wolves zone.
17:55 of 1st period - Off-side.
17:56 of 1st period - Alexandre Grenier wins face-off versus Markus Granlund in neutral zone.
18:07 of 1st period - Joe Morrow is hit by Nicolas Kerdiles and loses puck.
19:00 of 1st period - Slapshot by Nicolas Kerdiles.
19:00 of 1st period - Shot Misses the Net.
19:02 of 1st period - Slapshot by Joel Armia.
19:02 of 1st period - Stopped by Ebbe Siönäs without a rebound.
19:03 of 1st period - Alexandre Grenier wins face-off versus Nicolas Kerdiles in Wolves zone.
19:18 of 1st period - Icing by Nicolas Kerdiles.
19:19 of 1st period - Markus Granlund wins face-off versus Sebastian Aho in Admirals zone.
19:26 of 1st period - Wrist shot by Markus Granlund.
19:26 of 1st period - Stopped by Ebbe Siönäs without a rebound.
19:27 of 1st period - Alexandre Grenier wins face-off versus Markus Granlund in Wolves zone.
19:40 of 1st period - Penalty to Lawson Crouse is over, Lawson Crouse is back on ice.
19:51 of 1st period - Snap shot by Alexandre Grenier.
19:51 of 1st period - Deflect By Lawson Crouse.
19:51 of 1st period - Shot Misses the Net.
19:51 of 1st period - Puck is out of play.
19:52 of 1st period - Sebastian Aho wins face-off versus Lucas Wallmark in Admirals zone.
19:57 of 1st period - Wrist shot by Sebastian Aho.
19:57 of 1st period - Stopped by Tristan Jarry without a rebound.
19:58 of 1st period - Markus Granlund wins face-off versus Sebastian Aho in Admirals zone.
19:58 of 1st period - Markus Granlund is hit by Jeff Petry.
Goals for this period are 0 for Admirals vs 1 for Wolves.
Shots for this period are 12 for Admirals vs 12 for Wolves.

2nd period


0:01 of 2nd period - Joel Armia wins face-off versus Kyle Rau in neutral zone.
0:19 of 2nd period - Nicolas Kerdiles is hit by Alexandre Grenier and loses puck.
0:58 of 2nd period - Slapshot by Josh Morrissey.
0:58 of 2nd period - Deflect By Anton Lindholm.
0:58 of 2nd period - Stopped by Ebbe Siönäs with a rebound.
1:04 of 2nd period - Slapshot by T.J Brodie.
1:04 of 2nd period - Stopped by Ebbe Siönäs with a rebound.
1:14 of 2nd period - Wrist shot by Brett Connolly.
1:14 of 2nd period - Shot Blocked by Anton Lindholm.
1:16 of 2nd period - Slapshot by Andreas Englund.
1:16 of 2nd period - Shot Misses the Net.
1:18 of 2nd period - Slapshot by Travis Dermott.
1:18 of 2nd period - Shot Misses the Net.
1:20 of 2nd period - Snap shot by Travis Dermott.
1:20 of 2nd period - Stopped by Ebbe Siönäs without a rebound.
1:21 of 2nd period - Kyle Rau wins face-off versus Filip Chlapik in Wolves zone.
1:46 of 2nd period - Victor Olofsson is hit by Nicolas Kerdiles and loses puck.
1:51 of 2nd period - Wrist shot by Nicolas Kerdiles.
1:51 of 2nd period - Stopped by Ebbe Siönäs with a rebound.
1:53 of 2nd period - Slapshot by Travis Dermott.
1:53 of 2nd period - Stopped by Ebbe Siönäs with a rebound.
1:55 of 2nd period - Slapshot by Nicolas Kerdiles.
1:55 of 2nd period - Stopped by Ebbe Siönäs with a rebound.
2:33 of 2nd period - Snap shot by Lawson Crouse.
2:33 of 2nd period - Shot Misses the Net.
2:35 of 2nd period - Slapshot by Jalen Chatfield.
2:35 of 2nd period - Stopped by Tristan Jarry with a rebound.
2:37 of 2nd period - Slapshot by Jalen Chatfield.
2:37 of 2nd period - Stopped by Tristan Jarry without a rebound.
2:38 of 2nd period - Sebastian Aho wins face-off versus Joel Armia in Admirals zone.
2:54 of 2nd period - Off-side.
2:55 of 2nd period - Lucas Wallmark wins face-off versus Kyle Rau in neutral zone.
2:58 of 2nd period - Joe Morrow is hit by T.J Brodie.
3:27 of 2nd period - Snap shot by Joel Armia.
3:27 of 2nd period - Shot Misses the Net.
3:30 of 2nd period - Icing by Joe Morrow.
3:31 of 2nd period - Markus Granlund wins face-off versus Jake Evans in Wolves zone.
3:38 of 2nd period - Snap shot by Nicolas Kerdiles.
3:38 of 2nd period - Shot Misses the Net.
3:40 of 2nd period - Wrist shot by Nicolas Kerdiles.
3:40 of 2nd period - Stopped by Ebbe Siönäs with a rebound.
3:42 of 2nd period - Slapshot by Travis Dermott.
3:42 of 2nd period - Shot Blocked by Thomas Spelling.
4:58 of 2nd period - Jake Evans is hit by Josh Morrissey and loses puck.
5:21 of 2nd period - Kyle Rau is hit by T.J Brodie.
5:30 of 2nd period - Icing by Lucas Wallmark.
5:31 of 2nd period - Sebastian Aho wins face-off versus Lucas Wallmark in Admirals zone.
5:44 of 2nd period - Slapshot by T.J Brodie.
5:44 of 2nd period - Goal by T.J Brodie - Admirals : 1 - Wolves : 1.
5:45 of 2nd period - Markus Granlund wins face-off versus Kyle Rau in neutral zone.
5:54 of 2nd period - Snap shot by Markus Granlund.
5:54 of 2nd period - Shot Misses the Net.
5:56 of 2nd period - Slapshot by Markus Granlund.
5:56 of 2nd period - Shot Misses the Net.
6:27 of 2nd period - Victor Olofsson is hit by Lucas Wallmark and loses puck.
6:44 of 2nd period - Wrist shot by Thomas Spelling.
6:44 of 2nd period - Shot Hit the Post.
6:46 of 2nd period - Snap shot by Jake Evans.
6:46 of 2nd period - Shot Misses the Net.
6:52 of 2nd period - Snap shot by Thomas Spelling.
6:52 of 2nd period - Shot Misses the Net.
7:12 of 2nd period - Snap shot by Brett Connolly.
7:12 of 2nd period - Shot Misses the Net.
7:15 of 2nd period - Icing by Antti Suomela.
7:16 of 2nd period - Markus Granlund wins face-off versus Antti Suomela in Wolves zone.
7:19 of 2nd period - Snap shot by Joel Armia.
7:19 of 2nd period - Shot Misses the Net.
7:27 of 2nd period - Slapshot by Wade Allison.
7:27 of 2nd period - Shot Misses the Net.
8:29 of 2nd period - Thomas Spelling is hit by Brett Connolly.
9:01 of 2nd period - Backhand shot by Kasper Bjorkqvist.
9:01 of 2nd period - Stopped by Ebbe Siönäs without a rebound.
9:02 of 2nd period - Lucas Wallmark wins face-off versus Antti Suomela in Wolves zone.
9:11 of 2nd period - Backhand shot by Nicolas Deslauriers.
9:11 of 2nd period - Stopped by Ebbe Siönäs with a rebound.
9:13 of 2nd period - Wrist shot by Kasper Bjorkqvist.
9:13 of 2nd period - Goal by Kasper Bjorkqvist - Admirals : 2 - Wolves : 1.
9:14 of 2nd period - Markus Granlund wins face-off versus Kyle Rau in neutral zone.
9:22 of 2nd period - Off-side.
9:23 of 2nd period - Lawson Crouse wins face-off versus Markus Granlund in neutral zone.
9:23 of 2nd period - Jeff Petry is hit by Nicolas Kerdiles and loses puck.
9:28 of 2nd period - Wrist shot by Alexandre Grenier.
9:28 of 2nd period - Shot Misses the Net.
9:30 of 2nd period - Snap shot by Jeff Petry.
9:30 of 2nd period - Deflect By Lawson Crouse.
9:30 of 2nd period - Stopped by Tristan Jarry without a rebound.
9:31 of 2nd period - Markus Granlund wins face-off versus Kyle Rau in Admirals zone.
9:57 of 2nd period - Minor Penalty to Nicolas Deslauriers for High sticking.
9:58 of 2nd period - Nicolas Kerdiles wins face-off versus Kyle Rau in Admirals zone.
10:24 of 2nd period - Wrist shot by Sebastian Aho.
10:24 of 2nd period - Stopped by Tristan Jarry without a rebound.
10:25 of 2nd period - Markus Granlund wins face-off versus Sebastian Aho in Admirals zone.
11:57 of 2nd period - Penalty to Nicolas Deslauriers is over, Nicolas Deslauriers is back on ice.
12:06 of 2nd period - Snap shot by Nicolas Kerdiles.
12:06 of 2nd period - Stopped by Ebbe Siönäs without a rebound.
12:07 of 2nd period - Filip Chlapik wins face-off versus Jake Evans in Wolves zone.
12:22 of 2nd period - Wrist shot by Brett Connolly.
12:22 of 2nd period - Shot Misses the Net.
13:14 of 2nd period - Minor Penalty to Eric Robinson for Roughing.
13:15 of 2nd period - Alexandre Grenier wins face-off versus Markus Granlund in Wolves zone.
13:48 of 2nd period - Icing by Blake Geoffrion.
13:49 of 2nd period - Alexandre Grenier wins face-off versus Lucas Wallmark in Admirals zone.
14:24 of 2nd period - Snap shot by Sebastian Aho.
14:24 of 2nd period - Shot Misses the Net.
14:26 of 2nd period - Backhand shot by Lawson Crouse.
14:26 of 2nd period - Shot Misses the Net.
14:35 of 2nd period - Off-side.
14:36 of 2nd period - Fredrik Olofsson wins face-off versus Markus Granlund in neutral zone.
14:50 of 2nd period - Snap shot by Nicolas Kerdiles.
14:50 of 2nd period - Shot Blocked by Fredrik Olofsson.
15:14 of 2nd period - Penalty to Eric Robinson is over, Eric Robinson is back on ice.
15:21 of 2nd period - Icing by Alexandre Grenier.
15:22 of 2nd period - Alexandre Grenier wins face-off versus Filip Chlapik in Wolves zone.
15:27 of 2nd period - Wrist shot by Jeff Petry.
15:27 of 2nd period - Deflect By Travis Dermott.
15:27 of 2nd period - Stopped by Tristan Jarry with a rebound.
15:29 of 2nd period - Slapshot by Anton Lindholm.
15:29 of 2nd period - Stopped by Tristan Jarry without a rebound.
15:30 of 2nd period - Markus Granlund wins face-off versus Sebastian Aho in Admirals zone.
15:57 of 2nd period - Wrist shot by Sebastian Aho.
15:57 of 2nd period - Stopped by Tristan Jarry with a rebound.
15:59 of 2nd period - Slapshot by Anton Lindholm.
15:59 of 2nd period - Shot Blocked by Nicolas Deslauriers.
16:01 of 2nd period - Slapshot by Anton Lindholm.
16:01 of 2nd period - Shot Blocked by Andreas Englund.
16:09 of 2nd period - Wrist shot by Sebastian Aho.
16:09 of 2nd period - Deflect By Victor Olofsson.
16:09 of 2nd period - Stopped by Tristan Jarry without a rebound.
16:10 of 2nd period - Markus Granlund wins face-off versus Kyle Rau in Admirals zone.
16:10 of 2nd period - Markus Granlund is hit by Alexandre Grenier.
16:22 of 2nd period - Wrist shot by Alexandre Grenier.
16:22 of 2nd period - Shot Misses the Net.
16:24 of 2nd period - Slapshot by Jeffrey Foss.
16:24 of 2nd period - Deflect By Kyle Rau.
16:24 of 2nd period - Shot Misses the Net.
16:24 of 2nd period - Puck is out of play.
16:25 of 2nd period - Kyle Rau wins face-off versus Lucas Wallmark in Admirals zone.
16:28 of 2nd period - Wrist shot by Alexandre Grenier.
16:28 of 2nd period - Deflect By Kyle Rau.
16:28 of 2nd period - Shot Blocked by Nicolas Deslauriers.
16:28 of 2nd period - Puck is out of play.
16:29 of 2nd period - Lucas Wallmark wins face-off versus Kyle Rau in Admirals zone.
16:33 of 2nd period - Off-side.
16:34 of 2nd period - Kyle Rau wins face-off versus Lucas Wallmark in neutral zone.
16:56 of 2nd period - Lawson Crouse is hit by Kasper Bjorkqvist and loses puck.
17:05 of 2nd period - Kyle Rau is hit by Kasper Bjorkqvist and loses puck.
17:42 of 2nd period - Slapshot by Kyle Rau.
17:42 of 2nd period - Stopped by Tristan Jarry without a rebound.
17:43 of 2nd period - Sebastian Aho wins face-off versus Markus Granlund in Admirals zone.
17:52 of 2nd period - Snap shot by Sebastian Aho.
17:52 of 2nd period - Stopped by Tristan Jarry with a rebound.
17:54 of 2nd period - Wrist shot by Eric Robinson.
17:54 of 2nd period - Shot Blocked by Nicolas Kerdiles.
17:56 of 2nd period - Snap shot by Sebastian Aho.
17:56 of 2nd period - Stopped by Tristan Jarry with a rebound.
19:06 of 2nd period - Off-side.
19:07 of 2nd period - Freddie Hamilton wins face-off versus Fredrik Olofsson in neutral zone.
19:10 of 2nd period - Slapshot by T.J Brodie.
19:10 of 2nd period - Stopped by Ebbe Siönäs without a rebound.
19:11 of 2nd period - Freddie Hamilton wins face-off versus Jake Evans in Wolves zone.
19:12 of 2nd period - Snap shot by Blake Geoffrion.
19:12 of 2nd period - Shot Misses the Net.
19:14 of 2nd period - Snap shot by Blake Geoffrion.
19:14 of 2nd period - Shot Misses the Net.
19:57 of 2nd period - Joe Morrow is hit by Riley Barber and loses puck.
Goals for this period are 2 for Admirals vs 0 for Wolves.
Shots for this period are 13 for Admirals vs 11 for Wolves.

3rd period


0:01 of 3rd period - Markus Granlund wins face-off versus Kyle Rau in neutral zone.
0:40 of 3rd period - Wrist shot by Sebastian Aho.
0:40 of 3rd period - Deflect By Victor Olofsson.
0:40 of 3rd period - Shot Misses the Net.
0:40 of 3rd period - Puck is out of play.
0:41 of 3rd period - Jake Evans wins face-off versus Markus Granlund in Admirals zone.
1:30 of 3rd period - Slapshot by Kasper Bjorkqvist.
1:30 of 3rd period - Shot Misses the Net.
3:21 of 3rd period - Wrist shot by Sebastian Aho.
3:21 of 3rd period - Stopped by Tristan Jarry without a rebound.
3:22 of 3rd period - Freddie Hamilton wins face-off versus Antti Suomela in Admirals zone.
3:22 of 3rd period - Freddie Hamilton is hit by Joe Morrow.
3:39 of 3rd period - Minor Penalty to Blake Geoffrion for Interference.
3:40 of 3rd period - Kyle Rau wins face-off versus Markus Granlund in Admirals zone.
3:53 of 3rd period - Slapshot by Joe Morrow.
3:53 of 3rd period - Deflect By Lawson Crouse.
3:53 of 3rd period - Shot Misses the Net.
3:53 of 3rd period - Puck is out of play.
3:54 of 3rd period - Alexandre Grenier wins face-off versus Markus Granlund in Admirals zone.
4:53 of 3rd period - Kyle Rau is hit by Lucas Wallmark and loses puck.
5:39 of 3rd period - Penalty to Blake Geoffrion is over, Blake Geoffrion is back on ice.
5:47 of 3rd period - Slapshot by Nicolas Deslauriers.
5:47 of 3rd period - Shot Misses the Net.
5:51 of 3rd period - Backhand shot by Blake Geoffrion.
5:51 of 3rd period - Stopped by Ebbe Siönäs with a rebound.
5:53 of 3rd period - Slapshot by Travis Dermott.
5:53 of 3rd period - Deflect By Jeff Petry.
5:53 of 3rd period - Stopped by Ebbe Siönäs with a rebound.
5:55 of 3rd period - Wrist shot by Lucas Wallmark.
5:55 of 3rd period - Shot Misses the Net.
5:57 of 3rd period - Snap shot by Travis Dermott.
5:57 of 3rd period - Shot Blocked by Jeff Petry.
6:17 of 3rd period - Snap shot by Nicolas Deslauriers.
6:17 of 3rd period - Stopped by Ebbe Siönäs without a rebound.
6:18 of 3rd period - Filip Chlapik wins face-off versus Jake Evans in Wolves zone.
6:23 of 3rd period - Snap shot by Brett Connolly.
6:23 of 3rd period - Deflect By Filip Chlapik.
6:23 of 3rd period - Shot Misses the Net.
6:23 of 3rd period - Puck is out of play.
6:24 of 3rd period - Jake Evans wins face-off versus Filip Chlapik in Wolves zone.
6:24 of 3rd period - Jake Evans is hit by Brett Connolly.
6:32 of 3rd period - T.J Brodie is hit by Jeffrey Foss and loses puck.
6:37 of 3rd period - Slapshot by Josh Morrissey.
6:37 of 3rd period - Stopped by Ebbe Siönäs with a rebound.
6:39 of 3rd period - Slapshot by Filip Chlapik.
6:39 of 3rd period - Goal by Filip Chlapik - Admirals : 3 - Wolves : 1.
6:40 of 3rd period - Sebastian Aho wins face-off versus Markus Granlund in neutral zone.
6:47 of 3rd period - Snap shot by Sebastian Aho.
6:47 of 3rd period - Deflect By Joel Armia.
6:47 of 3rd period - Stopped by Tristan Jarry without a rebound.
6:48 of 3rd period - Sebastian Aho wins face-off versus Markus Granlund in Admirals zone.
6:51 of 3rd period - Snap shot by Victor Olofsson.
6:51 of 3rd period - Stopped by Tristan Jarry without a rebound.
6:52 of 3rd period - Markus Granlund wins face-off versus Kyle Rau in Admirals zone.
6:57 of 3rd period - Joel Armia is hit by Alexandre Grenier and loses puck.
7:02 of 3rd period - Snap shot by Alexandre Grenier.
7:02 of 3rd period - Shot Misses the Net.
7:04 of 3rd period - Slapshot by Jeffrey Foss.
7:04 of 3rd period - Stopped by Tristan Jarry with a rebound.
7:06 of 3rd period - Snap shot by Alexandre Grenier.
7:06 of 3rd period - Shot Misses the Net.
7:14 of 3rd period - Minor Penalty to Nicolas Kerdiles for Tripping.
7:15 of 3rd period - Kyle Rau wins face-off versus Markus Granlund in Admirals zone.
7:26 of 3rd period - Backhand shot by Joe Morrow.
7:26 of 3rd period - Deflect By Kyle Rau.
7:26 of 3rd period - Shot Misses the Net.
7:26 of 3rd period - Puck is out of play.
7:27 of 3rd period - Kyle Rau wins face-off versus Markus Granlund in Admirals zone.
8:20 of 3rd period - Filip Chlapik is hit by Anton Lindholm and loses puck.
9:14 of 3rd period - Penalty to Nicolas Kerdiles is over, Nicolas Kerdiles is back on ice.
9:43 of 3rd period - Kieffer Bellows is hit by Brett Connolly and loses puck.
10:08 of 3rd period - Wrist shot by Brett Connolly.
10:08 of 3rd period - Stopped by Ebbe Siönäs with a rebound.
11:32 of 3rd period - Wrist shot by Nicolas Kerdiles.
11:32 of 3rd period - Goal by Nicolas Kerdiles - Admirals : 4 - Wolves : 1.
11:33 of 3rd period - Kyle Rau wins face-off versus Markus Granlund in neutral zone.
11:58 of 3rd period - Anton Lindholm is hit by Kasper Bjorkqvist and loses puck.
12:05 of 3rd period - Josh Morrissey is hit by Anton Lindholm and loses puck.
12:18 of 3rd period - Snap shot by Antti Suomela.
12:18 of 3rd period - Shot Misses the Net.
12:45 of 3rd period - Wrist shot by Markus Granlund.
12:45 of 3rd period - Stopped by Ebbe Siönäs with a rebound.
13:05 of 3rd period - Wrist shot by Sebastian Aho.
13:05 of 3rd period - Shot Misses the Net.
13:07 of 3rd period - Snap shot by Victor Olofsson.
13:07 of 3rd period - Shot Misses the Net.
13:09 of 3rd period - Snap shot by Sebastian Aho.
13:09 of 3rd period - Shot Blocked by Nicolas Kerdiles.
13:11 of 3rd period - Snap shot by Eric Robinson.
13:11 of 3rd period - Stopped by Tristan Jarry with a rebound.
13:23 of 3rd period - Minor Penalty to Markus Granlund for Holding.
13:24 of 3rd period - Kyle Rau wins face-off versus Blake Geoffrion in Admirals zone.
14:31 of 3rd period - Travis Dermott is hit by Jeff Petry and loses puck.
14:50 of 3rd period - Kyle Rau is hit by Nicolas Deslauriers and loses puck.
15:23 of 3rd period - Penalty to Markus Granlund is over, Markus Granlund is back on ice.
17:29 of 3rd period - Snap shot by Jake Evans.
17:29 of 3rd period - Shot Blocked by Joel Armia.
17:32 of 3rd period - Icing by T.J Brodie.
17:33 of 3rd period - Markus Granlund wins face-off versus Sebastian Aho in Admirals zone.
18:00 of 3rd period - Wrist shot by Kasper Bjorkqvist.
18:00 of 3rd period - Shot Hit the Post.
18:22 of 3rd period - Snap shot by Blake Geoffrion.
18:22 of 3rd period - Shot Misses the Net.
18:44 of 3rd period - Wrist shot by Hunter Shinkaruk.
18:44 of 3rd period - Shot Misses the Net.
18:46 of 3rd period - Slapshot by Brett Connolly.
18:46 of 3rd period - Shot Misses the Net.
18:48 of 3rd period - Wrist shot by Filip Chlapik.
18:48 of 3rd period - Stopped by Ebbe Siönäs with a rebound.
19:01 of 3rd period - Off-side.
19:02 of 3rd period - Sebastian Aho wins face-off versus Lucas Wallmark in neutral zone.
19:02 of 3rd period - Sebastian Aho is hit by Kasper Bjorkqvist.
19:41 of 3rd period - Slapshot by Victor Olofsson.
19:41 of 3rd period - Stopped by Tristan Jarry with a rebound.
19:56 of 3rd period - Wrist shot by Sebastian Aho.
19:56 of 3rd period - Stopped by Tristan Jarry with a rebound.
19:58 of 3rd period - Snap shot by Victor Olofsson.
19:58 of 3rd period - Goal by Victor Olofsson - Admirals : 4 - Wolves : 2.
19:59 of 3rd period - Sebastian Aho wins face-off versus Freddie Hamilton in neutral zone.
Goals for this period are 2 for Admirals vs 1 for Wolves.
Shots for this period are 9 for Admirals vs 8 for Wolves.